 Dungeon Crawl Stone Soup version 0.25.1-1-g288607f (webtiles) character file.

Game seed: 5083712786730271900

949 SimonTheBest the Thaumaturge (level 7, 0/36 HPs)
             Began as a Deep Elf Ice Elementalist on July 25, 2020.
             Killed from afar by Ijyb (13 damage)
             ... with a bolt of acid
             ... on level 3 of the Dungeon.
             The game lasted 00:33:46 (4408 turns).

SimonTheBest the Thaumaturge (DEIE)                 Turns: 4408, Time: 00:33:46

Health: 0/36       AC:  2    Str:  5    XL:     7   Next: 89%
Magic:  15/20      EV: 12    Int: 22    God:
Gold:   178        SH:  5    Dex: 15    Spells: 13/22 levels left

rFire    . . .     SeeInvis .   s - +1 hunting sling (freeze)
rCold    + + +     Gourm    .   t - +2 buckler
rNeg     . . .     Faith    .   K - +2 robe {rC+ rF+}
rPois    .         Spirit   .   e - +0 helmet (curse)
rElec    .         Reflect  .   (no cloak)
rCorr    .         Harm     .   A - +0 pair of gloves
MR       .....                  (no boots)
Stlth    ++........             (no amulet)
HPRegen  0.12/turn              D - ring of protection from cold
MPRegen  0.17/turn              E - ring of ice

@: corroded, frozen ramparts
A: no striking features
a: no special abilities


You were on level 3 of the Dungeon.
You were not hungry.

You visited 1 branch of the dungeon, and saw 4 of its levels.

You collected 178 gold pieces.

Inventory:

Hand Weapons
 s - a +1 hunting sling of freezing (weapon)
 G - a +2 whip of freezing
 H - the cursed +0 short sword "Leaniju" {freeze, *Corrode rElec Dex+9 SInv, unknown}
   (You found it on level 4 of the Dungeon)

   It has been specially enchanted to freeze those struck by it, causing extra
   injury to most foes and up to half again as much damage against particularly
   susceptible opponents.
   It can also slow down cold-blooded creatures.
   It affects your dexterity (+9).
   It insulates you from electricity.
   It lets you see invisible.
   It may corrode you when you take damage.
   It has a curse placed upon it.
Missiles
 w - 18 stones (quivered)
 B - 20 arrows
Armour
 a - a +0 robe
 e - a cursed +0 helmet (worn)
 n - a +0 chain mail
 o - a +0 leather armour
 p - a +0 helmet
 t - a +2 buckler (worn)
 A - a +0 pair of gloves (worn)
 K - a +2 robe of resistance (worn)
Jewellery
 D - a ring of protection from cold (left hand)
 E - a ring of ice (right hand)
Wands
 F - a wand of random effects (14)
Scrolls
 b - 4 scrolls of remove curse {unknown}
 i - 5 scrolls of identify {unknown}
 l - a scroll of magic mapping {unknown}
 y - a scroll of blinking {unknown}
 z - 2 scrolls of enchant weapon {unknown}
 C - a scroll of teleportation {unknown}
 I - a scroll of immolation {unknown}
Potions
 d - a potion of berserk rage {unknown}
 f - 3 potions of flight {unknown}
 g - a potion of might {unknown}
 h - 4 potions of curing {unknown}
 j - a potion of degeneration {unknown}
 k - 2 potions of lignification {unknown}
 m - a potion of mutation {unknown}
 q - a potion of magic {unknown}
 r - 2 potions of ambrosia {unknown}
 u - a potion of cancellation {unknown}
 v - 2 potions of stabbing {unknown}
 x - 2 potions of invisibility {unknown}
Comestibles
 c - 15 rations


   Skills:
 + Level 2.6 Dodging
 + Level 3.0 Stealth
 * Level 8.4 Spellcasting
 * Level 4.1 Charms
 * Level 7.7 Ice Magic


You had 13 spell levels left.
You knew the following spells:

 Your Spells              Type           Power        Failure   Level  Hunger
a - Freeze                Ice            ####         1%          1    None
b - Ozocubu's Armour      Chrm/Ice       ######..     3%          3    None
c - Frozen Ramparts       Ice            ######       1%          3    None
d - Swiftness             Chrm/Air       ###.....     8%          2    None

Your spell library contained the following spells:

 Spells                   Type           Power        Failure   Level  Hunger
 Ensorcelled Hibernation  Hex/Ice        #####.       3%          2    None
 Corona                   Hex            #......      12%         1    None
 Shock                    Conj/Air       #...         12%         1    None
 Hailstorm                Conj/Ice       #####...     24%         4    ###....
 Summon Ice Beast         Ice/Summ       #####...     24%         4    ###....
 Confusing Touch          Hex            #.......     34%         3    None
 Dazzling Flash           Conj/Hex       #.....       34%         3    None
 Static Discharge         Conj/Air       #.......     34%         3    None
 Tukima's Dance           Hex            #.......     34%         3    None
 Airstrike                Air            #.........   75%         4    ###....
 Lightning Bolt           Conj/Air       #.........   97%         5    #####..


Dungeon Overview and Level Annotations

Branches:
Dungeon (4/15)
 Temple: D:4-7

Altars:
Elyvilon
Kikubaaqudgha
Okawaru
Ru
Vehumet

Shops:
D:4 =

Annotations:
D:3 Ijyb


Message History

Confirm with . or Enter, or press ? or * to list all spells.
You feel a surge of power!
The walls around you are covered in ice.
Casting: Frozen Ramparts (safe; 1% risk of failure)
Confirm with . or Enter, or press ? or * to list all spells.
Aiming: Freeze (safe; 1% risk of failure)
Press: ? - help, Shift-Dir - straight line, f - Ijyb
Aim: Ijyb, wearing a +0 ring mail and carrying a wand of acid (5)
You feel a surge of power!
You freeze Ijyb.
Ijyb is lightly wounded.
The wall freezes Ijyb.
Ijyb hits you.
Casting: Freeze (safe; 1% risk of failure)
Confirm with . or Enter, or press ? or * to list all spells.
Aiming: Freeze (safe; 1% risk of failure)
Press: ? - help, Shift-Dir - straight line, f/p - Ijyb
Aim: Ijyb, wearing a +0 ring mail and carrying a wand of acid (5) (moderately wounded)
You feel a surge of power!
You freeze Ijyb!
Ijyb is severely wounded.
The wall freezes Ijyb.
Ijyb zaps a wand.
The bolt of acid hits you!
You die...

#.# #.# #.# #.###
#######.# #...#
#.......# #.#.#
#.####### ## ###.#
#.# #_###8## #.#
#.###8...8...8##.#
#..##.........##.#
#..#_........g@#.#
#..##.........####
#####8...8...8###
##_###8## # ##


You could see Ijyb.

Vanquished Creatures
  Pikel (D:4)
  The ghost of jr88keys the Cudgeler, an amateur GrBe of Trog (D:4)
  3 slaves (D:4)
  A hound (D:4)
  An orc priest (D:4)
  A bullfrog skeleton (D:4)
  5 orc wizards
  5 adders
  3 worms
  6 dart slugs
  3 leopard geckos
  11 orcs
  A ball python (D:2)
  6 giant cockroaches
  6 goblins
  6 hobgoblins
  A quokka (D:2)
  10 bats
  4 frilled lizards
  7 kobolds
  13 rats
95 creatures vanquished.

Notes
Turn   | Place    | Note
-------+----------+-------------------------------------------
     0 | D:1      | SimonTheBest the Deep Elf Ice Elementalist began the quest
                  | for the Orb.
     0 | D:1      | Reached XP level 1. HP: 10/10 MP: 6/6
   175 | D:1      | Reached XP level 2. HP: 15/15 MP: 6/8
   253 | D:1      | Reached skill level 5 in Ice Magic
   728 | D:1      | Reached XP level 3. HP: 19/19 MP: 7/9
   733 | D:1      | Learned a level 3 spell: Ozocubu's Armour
  1125 | D:2      | Reached skill level 4 in Spellcasting
  1480 | D:2      | You fall into a shaft and drop 1 floor!
  1501 | D:3      | Reached XP level 4. HP: 20/24 MP: 8/12
  1564 | D:3      | Found an ancient bone altar of Kikubaaqudgha.
  1649 | D:3      | Found a sacrificial altar of Ru.
  2253 | D:3      | Found a white marble altar of Elyvilon.
  2253 | D:3      | Found a radiant altar of Vehumet.
  2254 | D:3      | Found an iron altar of Okawaru.
  2309 | D:3      | Reached skill level 5 in Spellcasting
  2359 | D:3      | Reached XP level 5. HP: 28/28 MP: 14/14
  3034 | D:3      | Noticed Ijyb
  3040 | D:3      | Learned a level 3 spell: Frozen Ramparts
  3220 | D:4      | Found Pisayrav's Jewellery Shop.
  3306 | D:4      | Reached skill level 1 in Charms
  3704 | D:4      | Noticed Pikel
  3704 | D:4      | Noticed a slave
  3704 | D:4      | Noticed a slave
  3704 | D:4      | Noticed a slave
  3704 | D:4      | Noticed a slave
  3708 | D:4      | Killed a slave
  3741 | D:4      | Killed a slave
  3741 | D:4      | Killed a slave
  3742 | D:4      | Killed Pikel
  3742 | D:4      | Reached skill level 7 in Spellcasting
  3742 | D:4      | Reached XP level 6. HP: 26/32 MP: 10/18
  3742 | D:4      | Reached XP level 7. HP: 29/36 MP: 10/19
  3837 | D:4      | Learned a level 2 spell: Swiftness
  3841 | D:4      | Got a steaming short sword
  3991 | D:4      | Found a runed translucent door.
  4118 | D:4      | Reached skill level 8 in Spellcasting
  4237 | D:4      | Noticed jr88keys's ghost (amateur GrBe)
  4342 | D:4      | Killed jr88keys's ghost
  4408 | D:3      | Killed from afar by Ijyb

Illustrated notes

Levels and vault maps discovered:
D:1:      moated_graveyard_arrival, layout_loops_ring,
          hangedman_decor_clover_reticule
D:2:      layout_loops_cross, first_ration
D:3:      wander_river, layout_basic, kiku_gazebo_pond_becter,
          nicolae_overflow_hidden_temple, nicolae_ru_awakened_eye, uniq_ijyb
D:4:      layout_rooms, serial_shops, nicolae_shop_crystal,
          ebering_ghost_reflecting_pool, minmay_a_box_with_orc_wizards_in_it,
          uniq_pikel

Skill      XL: |  1  2  3  4  5  6  7 |
---------------+----------------------+-----
Ice Magic      | 5 7 |  7.7
Spellcasting   | 4 5 7 8 |  8.4
Charms         | 3 4 |  4.1
Stealth        | 3 |  3.0
Dodging        | |  2.6

Action                   |  1- 3 |  4- 6 |  7- 9 || total
-------------------------+-------+-------+-------++-------
 Fire: Hunting sling     |     8 |   102 |    15 ||   125
 Cast: Freeze            |    54 |    31 |    12 ||    97
       Frozen Ramparts   |       |     6 |     4 ||    10
       Ozocubu's Armour  |       |     1 |     2 ||     3
       Swiftness         |       |       |     1 ||     1
  Eat: Chunk             |     2 |     7 |     2 ||    11
Armor: Robe              |     9 |     3 |       ||    12
Dodge: Dodged            |    19 |    12 |     3 ||    34
Block: Buckler           |       |     6 |     4 ||    10
